 Dungeon Crawl Stone Soup version 0.20.1-1-g8b1a95d66d (webtiles) character file.

136364 Ivernyr the Devastator (level 16, -6/137 HPs)
             Began as a Grey Draconian Conjurer on Oct 25, 2017.
             Was a Believer of Sif Muna.
             Blown up by an orb spider (53 damage)
             ... with an orb of destruction
             ... on level 2 of the Spider Nest on Nov 16, 2017.
             The game lasted 05:06:30 (52809 turns).

Ivernyr the Devastator (Grey Draconian Conjurer)   Turns: 52809, Time: 05:06:31

Health: -6/137     AC: 17    Str: 15    XL:     16   Next: 66%
Magic:  30/55      EV: 25    Int: 31    God:    Sif Muna [**....]
Gold:   1748       SH:  6    Dex: 14    Spells: 1/37 levels left

rFire    . . .     SeeInvis .   S - staff of power
rCold    + + .     Gourm    .   V - +1 buckler {rC+}
rNeg     . . .     Faith    +   (armour unavailable)
rPois    +         Spirit   .   (helmet restricted)
rElec    .         Reflect  .   G - scarf {cloud immunity}
rCorr    .         Harm     .   E - +1 pair of gloves {Dex+3}
MR       +....                  i - +0 pair of boots
Stlth    +++.......             q - amulet "Qaebemn" {Faith +Blink rPois}
Regen    0.4/turn               e - ring of magical power
MPRegen  0.4/turn               L - ring "Foxu" {EV+4 Str+3 Int+7 Stlth+}

@: no status effects
A: walk through water, unfitting armour, antennae 1, clever 1, cold resistance
1, unbreathing, cold-blooded, AC +14
a: Divine Energy, Renounce Religion, Evoke Blink


You were on level 2 of the Spider Nest.
You worshipped Sif Muna.
Sif Muna was pleased with you.
You were near starving.

You visited 4 branches of the dungeon, and saw 25 of its levels.
You also visited: Labyrinth and Ice Cave.

You collected 2421 gold pieces.
You spent 673 gold pieces at shops.

Inventory:

Armour
 i - a +0 pair of boots (worn)
 r - the +1 pair of gloves of the Sea {rPois rC++ Str-2 Slay+2}
   (You acquired it on level 11 of the Dungeon)

   It affects your strength (-2).
   It affects your accuracy and damage with ranged weapons and melee attacks
   (+2).
   It greatly protects you from cold.
   It protects you from poison.
 E - a +1 pair of gloves of dexterity (worn)
 G - a scarf of cloud immunity (worn)
 V - a +1 buckler of cold resistance (worn)
Magical Staves
 c - an uncursed staff of earth
 S - an uncursed staff of power (weapon)
Jewellery
 e - a ring of magical power (left hand)
 f - an uncursed ring of protection from fire
 q - the amulet "Qaebemn" (around neck) {Faith +Blink rPois}
   (You acquired it on level 11 of the Dungeon)

   [amulet of faith]

   It allows you to gain divine favour quickly.
   It protects you from poison.
   It lets you blink.
 L - the ring "Foxu" (right hand) {EV+4 Str+3 Int+7 Stlth+}
   (You found it on level 4 of the Lair of Beasts)

   [ring of evasion]

   It affects your evasion (+4).
   It affects your strength (+3).
   It affects your intelligence (+7).
   It makes you more stealthy.
 M - an uncursed ring of wizardry
 W - an uncursed ring of see invisible
Wands
 P - a wand of iceblast (7/15)
Scrolls
 a - 2 scrolls of torment
 h - 13 scrolls of teleportation
 j - 5 scrolls of amnesia
 s - 3 scrolls of vulnerability
 u - 6 scrolls of enchant weapon
 x - 2 scrolls of recharging
 y - 3 scrolls of fear
 z - 2 scrolls of brand weapon
 C - 2 scrolls of fog
 D - a scroll of holy word {unknown}
 K - 6 scrolls of immolation
 N - 2 scrolls of magic mapping
 O - 2 scrolls of enchant armour
 R - a scroll of silence {unknown}
 T - 3 scrolls of summoning
 Y - 9 scrolls of remove curse
Potions
 g - 3 potions of resistance
 k - a potion of mutation
 l - 3 potions of berserk rage
 o - 6 potions of flight
 p - 4 potions of haste
 v - 2 potions of curing
 A - 4 potions of might
 B - 3 potions of cancellation
 F - a potion of invisibility
 H - a potion of magic
 U - a potion of brilliance
 Z - a potion of agility
Books
 n - Sif Muna's Volume of Dark Conjuration
   (Sif Muna gifted it to you on level 2 of the Orcish Mines)

   Spells                             Type                      Level
   a - Throw Frost                    Conjuration/Ice              2
   b - Dazzling Spray                 Conjuration/Hexes            3
   c - Agony                          Necromancy                   5
   d - Chain Lightning                Conjuration/Air              8
 t - Vibakhle's Almanac of Dislocated Changing
   (Sif Muna gifted it to you on level 2 of the Lair of Beasts)

   Spells                             Type                      Level
   a - Lesser Beckoning               Translocation                3
   b - Alistair's Intoxication        Transmutation/Poison         5
   c - Dispersal                      Translocation                6
   d - Statue Form                    Transmutation/Earth          6
   e - Controlled Blink               Translocation                8
 w - a book of Geomancy

   Spells                             Type                      Level
   a - Sandblast                      Earth                        1
   b - Passwall                       Transmutation/Earth          2
   c - Stone Arrow                    Conjuration/Earth            3
   d - Petrify                        Transmutation/Earth          4
   e - Lee's Rapid Deconstruction     Earth                        5
 I - a book of the Sky

   Spells                             Type                      Level
   a - Summon Lightning Spire         Summoning/Air                4
   b - Silence                        Hexes/Air                    5
   c - Deflect Missiles               Charms/Air                   6
   d - Conjure Ball Lightning         Conjuration/Air              6
   e - Tornado                        Air                          9
 Q - a book of the Earth

   Spells                             Type                      Level
   a - Leda's Liquefaction            Hexes/Earth                  4
   b - Bolt of Magma                  Conjuration/Fire/Earth       5
   c - Statue Form                    Transmutation/Earth          6
   d - Iron Shot                      Conjuration/Earth            6
   e - Shatter                        Earth                        9
Comestibles
 b - 14 bread rations
 d - 12 royal jellies
 m - 3 fruits
 X - 9 meat rations


   Skills:
 - Level 11.0 Fighting
 - Level 13.0 Dodging
 - Level 1.7 Stealth
 - Level 4.2 Shields
 + Level 11.4 Spellcasting
 - Level 15.0 Conjurations
 - Level 11.0 Translocations
 + Level 3.0 Transmutations
 * Level 13.3 Earth Magic
 - Level 11.0 Invocations


You had one spell level left.
You knew the following spells:

 Your Spells              Type           Power        Failure   Level  Hunger
a - Irradiate             Conj/Tmut      ######....   1%          5    ##.....
b - Lee's Rapid Deconstr  Erth           #######...   1%          5    ##.....
c - Force Lance           Conj/Tloc      #######.     1%          4    None
d - Petrify               Tmut/Erth      ######..     1%          4    None
e - Controlled Blink      Tloc           N/A          89%         8    #######
f - Blink                 Tloc           N/A          1%          2    None
g - Iron Shot             Conj/Erth      #######...   1%          6    ####...
h - Passwall              Tmut/Erth      ######....   1%          2    None


Dungeon Overview and Level Annotations

Branches:
Dungeon (15/15)            Temple (0/1) D:6            Lair (6/6) D:8
 Shoals (0/4) Lair:3       Spider (2/4) Lair:4        Slime (0/5) Lair:5
    Orc (2/2) D:9             Elf (0/3) Orc:2        Vaults (0/5) D:13
 Depths (0/5) D:15

Altars:
Dithmenos
Elyvilon
Fedhas
Gozag
Makhleb
Sif Muna
Trog
Vehumet
Zin
Beogh

Shops:
D:8 (   D:10 %   D:13 *   Orc:1 *   Orc:2 ?[:

Portals:
Hell: Lair:6
Pandemonium: Orc:2

Annotations:
D:4 Nidhoragg's ghost, amateur HOMo


Innate Abilities, Weirdness & Mutations

You can walk through water.
Your dull iron-grey scales are very hard. (AC +14)
You cannot fit into any form of body armour.
You can survive without breathing.
You are cold-blooded and may be slowed by cold attacks.
You have a pair of small antennae on your head.
Your mind is acute. (Int +2)
Your flesh is cold resistant. (rC+)


Message History

Aim: an orb spider (severely wounded, fully charged, chance to defeat MR: 62%)
The orb spider resists with significant effort.
The orb spider begins to weave its threads into a brightly glowing ball.
The orb spider weaves a glowing orb of energy.
The orb spider begins to weave its threads into a brightly glowing ball.
An orb of destruction comes into view.
Casting: Petrify
Confirm with . or Enter, or press ? or * to list all spells.
Aiming: Petrify
Press: ? - help, Shift-Dir - straight line, f/p - orb spider
Aim: an orb spider (severely wounded, fully charged, chance to defeat MR: 62%)
The orb spider resists with significant effort.
The orb spider weaves a glowing orb of energy.
An orb of destruction comes into view.
The orb of destruction hits you!
The orb spider weaves a glowing orb of energy.
An orb of destruction comes into view.
The orb of destruction hits you! The orb of destruction hits you!
You die...

................^#.#....#.#.#
...#......................###
.. ....#<#.###......#.....##
.# .....^.............#≈≈≈#
.. ...(##.(.##.#.###..≈≈## ..
......$...........#..#≈≈# ..
..≈.......##...^..##≈.#≈# .≈
.≈..≈.....#..........#≈≈# ..
.≈...#.......@.........## #≈
≈≈....#.....§..##.....≈# ≈≈
≈≈≈.?.....##§...#..#..## ≈≈
..≈≈≈≈≈.#.§§§..........# ≈≈
#...s≈≈.§§.#.....#.....# ≈.
#...s§≈§§...#....#...### ≈s
....s§.....#≈#.......#
..#.s≈...$.#≈...#≈≈.## ≈ ≈
#≈≈≈.≈...≈...≈≈≈≈≈#


There were no monsters in sight!

Vanquished Creatures
  Saint Roka (Orc:2)
  Rupert (Lair:3)
  An orc warlord (Orc:1)
  An emperor scorpion (Spider:1)
  An entropy weaver (Lair:4)
  A minotaur (Lab)
  10 hydras
  4 vault guards (D:13)
  Erolcha (D:9)
  A hell beast (Lair:6)
  5 two-headed ogres
  An ogre mage (D:13)
  2 tengu warriors
  7 orc high priests (Orc:2)
  5 centaur warriors
  An infernal demonspawn (Orc:2)
  A glowing orange brain (D:15)
  4 unseen horrors
  3 wizards
  Pikel (D:6)
  6 orc knights
  3 deep elf magi
  12 orb spiders
  7 orc sorcerers
  A necromancer (IceCv)
  5 wolf spiders
  16 ugly things
  2 cyclopes (D:13)
  4 manticores
  4 elephants (Lair:4)
  3 black mambas
  4 gargoyles
  A torpor snail (Lair:4)
  An ice statue (IceCv)
  A smoke demon (Orc:2)
  8 spiny frogs
  Joseph (Lair:1)
  5 centaur skeletons
  A komodo dragon (shapeshifter) (D:15)
  6 rime drakes
  5 komodo dragons
  11 freezing wraiths
  5 demonic crawlers
  5 ice devils
  2 hellwings
  3 meliai (D:13)
  2 red devils (Lair:6)
  15 trolls
  A tengu conjurer (D:14)
  A polar bear (Lair:5)
  A jumping spider (shapeshifter) (D:15)
  14 jumping spiders
  13 slime creatures
  17 blink frogs
  A wolf spider simulacrum (IceCv)
  2 hornets
  A dream sheep (Lair:6)
  12 hippogriffs
  3 shadows
  34 yaks
  A ynoxinul (Orc:2)
  6 wraiths
  A redback (shapeshifter) (D:15)
  26 redbacks
  2 vampires
  5 tarantellas
  3 wyverns
  A steam dragon (D:11)
  3 humans
  7 basilisks
  A death yak simulacrum (IceCv)
  3 hogs (D:11)
  4 hungry ghosts
  8 wargs
  11 water moccasins
  A soldier ant (D:13)
  A soldier ant (shapeshifter) (D:15)
  6 swamp worms (D:11)
  3 acid dragons
  51 orc warriors
  17 porcupines
  4 hell hounds (Lair:6)
  13 ice beasts
  3 black bears
  5 phantoms
  4 sky beasts
  12 ogres
  2 slaves (D:6)
  A swamp drake (Orc:1)
  2 necrophages
  13 wolves
  A hornet zombie (D:10)
  30 centaurs
  22 crocodiles
  A big kobold (D:13)
  28 bullfrogs
  A gnoll sergeant (D:8)
  A water moccasin skeleton (D:12)
  2 scorpions
  13 wights
  4 killer bees (D:13)
  4 electric eels
  6 howler monkeys
  7 crimson imps
  5 centaur zombies
  The ghost of Michaellaneous the Caller, a weakling DESu (D:3)
  3 bullfrog zombies
  8 hounds
  4 bullfrog skeletons
  29 orc priests
  7 jellies
  24 orc wizards
  An iron imp (Orc:1)
  Ijyb (D:3)
  8 iguanas
  6 troll simulacra (IceCv)
  A polar bear simulacrum (IceCv)
  10 worker ants
  4 hell rats (Lair:2)
  2 spriggan simulacra (IceCv)
  A wolf simulacrum (IceCv)
  4 centaur simulacra (IceCv)
  A hound zombie (D:8)
  3 hound skeletons
  A worker ant zombie (D:10)
  Robin (D:3)
  13 adders
  4 gnolls (D:8)
  6 naga simulacra (IceCv)
  2 ogre simulacra (IceCv)
  13 river rats
  8 shadow imps
  12 white imps (IceCv)
  2 adder skeletons
  16 worms
  2 dart slugs (D:1)
  10 leopard geckos
  130 orcs
  4 ball pythons
  5 giant cockroaches
  17 goblins
  7 hobgoblins
  13 jackals
  9 quokkas
  6 bats
  7 frilled lizards
  14 kobolds
  A leopard gecko skeleton (D:7)
  A quokka zombie (D:9)
  21 rats
1079 creatures vanquished.

Vanquished Creatures (others)
  A wolf spider (Spider:2)
  A redback (Spider:2)
  An orc wizard (D:12)
  An orc priest (D:6)
  A white imp (Orc:1)
  3 orcs
  A giant cockroach (D:6)
  A leopard gecko zombie (D:6)
  9 fungi
  10 plants
29 creatures vanquished.

Grand Total: 1108 creatures vanquished

Notes
Turn   | Place    | Note
-------+----------+-------------------------------------------
     0 | D:1      | Ivernyr the Draconian Conjurer began the quest for the Orb.
     0 | D:1      | Reached XP level 1. HP: 14/14 MP: 3/3
   403 | D:1      | Reached XP level 2. HP: 20/20 MP: 5/5
   477 | D:1      | Learned a level 2 spell: Searing Ray
  1081 | D:2      | Reached XP level 3. HP: 21/27 MP: 6/6
  1333 | D:2      | Found a faded altar of an unknown god.
  1524 | D:2      | Reached skill level 1 in Fighting
  1639 | D:2      | Reached skill level 5 in Conjurations
  1644 | D:2      | Reached XP level 4. HP: 35/35 MP: 7/7
  1857 | D:3      | Noticed Robin
  2264 | D:3      | Killed Robin
  2439 | D:3      | Found a white marble altar of Elyvilon.
  2441 | D:3      | Noticed Michaellaneous's ghost (weakling DESu)
  2449 | D:3      | Killed Michaellaneous's ghost
  2557 | D:3      | Reached XP level 5. HP: 34/41 MP: 9/9
  2651 | D:3      | Noticed Ijyb
  2689 | D:3      | Killed Ijyb
  2814 | D:3      | Learned a level 4 spell: Force Lance
  3341 | D:3      | Found a radiant altar of Vehumet.
  3547 | D:4      | Noticed Nidhoragg's ghost (amateur HOMo)
  3651 | D:4      | Found a white marble altar of Elyvilon.
  3651 | D:4      | Found a deep blue altar of Sif Muna.
  3659 | D:4      | Became a worshipper of Sif Muna the Loreminder
  3674 | D:4      | Found a blossoming altar of Fedhas.
  3829 | D:4      | Found a bloodstained altar of Trog.
  4147 | D:4      | Reached skill level 6 in Conjurations
  4147 | D:4      | Reached XP level 6. HP: 50/50 MP: 10/10
  4531 | D:4      | Noticed a hippogriff
  4541 | D:4      | Killed a hippogriff
  4541 | D:4      | Your scales start taking on a dull iron-grey colour.
  4541 | D:4      | Reached XP level 7. HP: 53/57 MP: 11/12
  4541 | D:4      | Gained mutation: You can survive without breathing. [Grey Draconian growth]
  4687 | D:5      | Entered Level 5 of the Dungeon
  4882 | D:5      | Reached * piety under Sif Muna
  4883 | D:5      | Reached skill level 7 in Conjurations
  5679 | D:5      | Reached XP level 8. HP: 67/67 MP: 14/14
  5840 | D:6      | Found a staircase to the Ecumenical Temple.
  5877 | D:6      | Noticed Pikel
  5899 | D:6      | Killed Pikel
  5899 | D:6      | Reached ** piety under Sif Muna
  5899 | D:6      | Reached skill level 5 in Fighting
  5899 | D:6      | Reached skill level 5 in Spellcasting
  5899 | D:6      | Reached skill level 8 in Conjurations
  6223 | D:5      | Reached skill level 9 in Conjurations
  6809 | D:6      | Reached XP level 9. HP: 75/75 MP: 17/17
  7874 | D:7      | Gained mutation: Scrolls take you a little longer to read. [mutagenic meat]
  7875 | D:7      | Gained mutation: Scrolls take you longer to read. [mutagenic meat]
  7876 | D:7      | Lost mutation: Scrolls take you longer to read. [mutagenic meat]
  7877 | D:7      | Gained mutation: Your body sometimes deteriorates upon taking damage. [mutagenic meat]
  7880 | D:7      | Lost mutation: Scrolls take you a little longer to read. [potion of mutation]
  7880 | D:7      | Lost mutation: Your body sometimes deteriorates upon taking damage. [potion of mutation]
  7880 | D:7      | Gained mutation: You have a pair of small antennae on your head. [potion of mutation]
  7880 | D:7      | Gained mutation: Your flesh is cold resistant. (rC+) [potion of mutation]
  7880 | D:7      | Gained mutation: Your mind is acute. (Int +2) [potion of mutation]
  8050 | D:7      | Found a glowing silver altar of Zin.
  8209 | D:7      | Reached *** piety under Sif Muna
  8209 | D:7      | Reached skill level 10 in Conjurations
  8347 | D:7      | Noticed a two-headed ogre
  8374 | D:7      | Killed a two-headed ogre
  8972 | D:8      | Found a staircase to the Lair.
  9089 | D:8      | Found Lecio's Weapon Boutique.
  9215 | D:8      | Noticed a two-headed ogre
  9236 | D:8      | Killed a two-headed ogre
  9236 | D:8      | Reached **** piety under Sif Muna
  9236 | D:8      | Reached skill level 11 in Conjurations
  9236 | D:8      | Reached XP level 10. HP: 62/88 MP: 14/19
 10115 | D:8      | Noticed a two-headed ogre
 10126 | D:8      | Killed a two-headed ogre
 10449 | D:8      | Reached skill level 12 in Conjurations
 10602 | D:8      | Reached skill level 5 in Translocations
 11816 | D:9      | Noticed Erolcha
 11941 | D:9      | Killed Erolcha
 11941 | D:9      | Reached XP level 11. HP: 94/97 MP: 17/20
 12475 | D:9      | Found a staircase to the Orcish Mines.
 12639 | D:10     | Entered Level 10 of the Dungeon
 12867 | D:10     | Reached ***** piety under Sif Muna
 12925 | D:10     | Found Piampy's Food Shop.
 13089 | D:10     | Reached skill level 5 in Dodging
 13591 | D:10     | Got a brightly glowing scimitar
 13592 | D:10     | Identified the cursed +1 scimitar of Fate {flame, Dex+3} (You found it on level 10 of the Dungeon)
 13699 | D:10     | Noticed a two-headed ogre
 13708 | D:10     | Killed a two-headed ogre
 14903 | Lair:1   | Entered Level 1 of the Lair of Beasts
 15066 | Lair:1   | Reached skill level 13 in Conjurations
 15199 | Lair:1   | Received a gift from Sif Muna
 15418 | Lair:1   | Noticed Joseph
 15636 | Lair:1   | Learned a level 4 spell: Petrify
 15650 | Lair:1   | Killed Joseph
 16614 | Lair:2   | Noticed an eight-headed hydra
 16621 | Lair:2   | Killed an eight-headed hydra
 16828 | Lair:2   | Reached XP level 12. HP: 79/104 MP: 15/21
 17646 | Lair:2   | Upgraded the game from 0.20.1-1-g8b1a95d to 0.20.1-1-g8b1a95d66d
 18209 | Lair:2   | Reached skill level 14 in Conjurations
 18378 | Lair:2   | Reached skill level 10 in Dodging
 18758 | Lair:2   | Identified Vibakhle's Almanac of Dislocated Changing (Sif Muna gifted it to you on level 2 of the Lair of Beasts)
 18758 | Lair:2   | Received a gift from Sif Muna
 18769 | Lair:2   | Learned a level 8 spell: Controlled Blink
 19191 | Lair:3   | Found a staircase to the Shoals.
 19217 | Lair:3   | Noticed a four-headed hydra
 19229 | Lair:3   | Killed a four-headed hydra
 19335 | Lair:3   | Got an iridescent quarterstaff
 19336 | Lair:3   | Identified the cursed +1 quarterstaff "Veatept" {flame, rF++ Str+3 Int-3 Stlth+} (You found it on level 3 of the Lair of Beasts)
 19652 | Lair:3   | Noticed a seven-headed hydra
 19723 | Lair:3   | Killed a seven-headed hydra
 20064 | Lair:3   | Noticed Rupert
 20074 | Lair:3   | Paralysed by Rupert for 2 turns
 20153 | Lair:3   | Paralysed by Rupert for 6 turns
 20165 | Lair:3   | Killed Rupert
 21469 | Lair:4   | Reached XP level 13. HP: 92/111 MP: 17/22
 21748 | Lair:4   | Reached skill level 15 in Conjurations
 22439 | Lair:4   | Found a hole to the Spider Nest.
 22453 | Lair:4   | Reached skill level 1 in Invocations
 22708 | Lair:4   | Got a faintly glowing bone ring
 22709 | Lair:4   | Identified the ring "Foxu" {EV+4 Str+3 Int+7 Stlth+} (You found it on level 4 of the Lair of Beasts)
 23221 | Lair:5   | Identified Wafieh's Catalogue of the Arsonist and Conjuration (Sif Muna gifted it to you on level 5 of the Lair of Beasts)
 23221 | Lair:5   | Received a gift from Sif Muna
 23230 | Lair:5   | Learned a level 5 spell: Irradiate
 23517 | Lair:5   | Found a staircase to the Slime Pits.
 24382 | Lair:6   | Entered Level 6 of the Lair of Beasts
 25526 | Lair:6   | Reached skill level 10 in Translocations
 26300 | Lair:6   | Reached skill level 5 in Invocations
 26318 | Lair:6   | Found a burning altar of Makhleb.
 26560 | Lair:6   | Reached skill level 10 in Fighting
 27035 | Lair:6   | Found a gateway to Hell.
 27332 | Orc:1    | Entered Level 1 of the Orcish Mines
 27725 | Orc:1    | Reached XP level 14. HP: 91/121 MP: 23/23
 28295 | Orc:1    | Found Xaxab's General Store.
 28302 | Orc:1    | Bought a bread ration for 65 gold pieces
 28302 | Orc:1    | Bought a scroll of blinking for 97 gold pieces
 28302 | Orc:1    | Bought a scroll of teleportation for 39 gold pieces
 28302 | Orc:1    | Bought a scroll of identify for 26 gold pieces
 28302 | Orc:1    | Bought a potion of heal wounds for 65 gold pieces
 28659 | Orc:1    | Learned a level 2 spell: Blink
 28692 | Orc:1    | Found a roughly hewn altar of Beogh.
 28814 | Orc:2    | Entered Level 2 of the Orcish Mines
 28816 | Orc:2    | Noticed Saint Roka
 29063 | Orc:2    | Found a staircase to the Elven Halls.
 29239 | Orc:2    | Noticed an orc warlord
 29641 | Orc:1    | Killed an orc warlord
 30618 | Orc:2    | Paralysed by an orc sorcerer for 4 turns
 33230 | D:11     | Found a shadowy altar of Dithmenos.
 33487 | D:11     | Identified Sif Muna's Almanac of Ashen Attacks (Sif Muna gifted it to you on level 11 of the Dungeon)
 33487 | D:11     | Received a gift from Sif Muna
 34797 | D:12     | Found a frozen archway.
 34819 | IceCv    | Entered an ice cave
 34827 | IceCv    | Reached skill level 1 in Earth Magic
 35624 | IceCv    | Found an ancient bone altar of Kikubaaqudgha.
 36844 | D:12     | Reached skill level 1 in Shields
 37613 | D:11     | Identified 3 scrolls of acquirement
 37615 | D:11     | Got a distressingly furry hat
 37621 | D:11     | Identified the -3 hat "Vuph" {+Inv rPois MR++ MP-9} (You acquired it on level 11 of the Dungeon)
 37632 | D:11     | Got a pair of shimmering gloves
 37643 | D:11     | Identified the +1 pair of gloves of the Sea {rPois rC++ Str-2 Slay+2} (You acquired it on level 11 of the Dungeon)
 37649 | D:11     | Got a wavering emerald amulet
 37650 | D:11     | Identified the amulet "Qaebemn" {Faith +Blink rPois} (You acquired it on level 11 of the Dungeon)
 37811 | D:11     | Learned a level 6 spell: Iron Shot
 38292 | D:13     | Identified Sif Muna's Handbook of Confrontation (Sif Muna gifted it to you on level 13 of the Dungeon)
 38292 | D:13     | Received a gift from Sif Muna
 39094 | D:13     | Reached XP level 15. HP: 67/129 MP: 28/28
 39199 | D:13     | Reached skill level 5 in Earth Magic
 40318 | D:13     | Found a gate to the Vaults.
 40516 | D:13     | Learned a level 2 spell: Passwall
 40536 | D:13     | Found Unluj's Assorted Antiques.
 41650 | D:14     | Found an opulent altar of Gozag.
 42580 | D:15     | Entered Level 15 of the Dungeon
 42605 | D:15     | Identified Goredd's Tome of the Excruciating Traveller (Sif Muna gifted it to you on level 15 of the Dungeon)
 42605 | D:15     | Received a gift from Sif Muna
 42683 | D:15     | Found a labyrinth entrance.
 42692 | Lab      | Entered a labyrinth
 43002 | Lab      | Reached skill level 10 in Spellcasting
 43231 | Lab      | Identified the Almanac of Earthen Air
 44717 | D:15     | Reached skill level 10 in Invocations
 44759 | D:15     | Found a staircase to the Depths.
 45059 | D:15     | Reached skill level 10 in Earth Magic
 45655 | Orc:2    | HP: 2/129 [troll (14)]
 46173 | Orc:2    | Killed Saint Roka
 46752 | Orc:2    | Identified Sif Muna's Volume of Dark Conjuration (Sif Muna gifted it to you on level 2 of the Orcish Mines)
 46752 | Orc:2    | Received a gift from Sif Muna
 46767 | Orc:2    | Found Amihuuc's Magic Scroll Emporium.
 46768 | Orc:2    | Reached XP level 16. HP: 105/137 MP: 5/30
 46957 | Orc:2    | Found Iceit's Food Shoppe.
 48719 | Orc:2    | Found a one-way gate leading to the halls of Pandemonium.
 48719 | Orc:2    | Found Xilues's Book Boutique.
 48719 | Orc:2    | Found Nyzel's Antique Armour Shop.
 49005 | Orc:2    | Bought a bread ration for 55 gold pieces
 49005 | Orc:2    | Bought a fruit for 16 gold pieces
 49005 | Orc:2    | Bought a meat ration for 55 gold pieces
 49005 | Orc:2    | Bought a bread ration for 55 gold pieces
 49005 | Orc:2    | Bought 2 fruits for 33 gold pieces
 49005 | Orc:2    | Bought a royal jelly for 22 gold pieces
 49005 | Orc:2    | Bought a bread ration for 55 gold pieces
 49008 | Orc:2    | Bought a scroll of torment for 90 gold pieces
 49036 | Orc:2    | Learned a level 5 spell: Lee's Rapid Deconstruction
 49614 | Spider:1 | Entered Level 1 of the Spider Nest
 50554 | Spider:1 | Identified Sif Muna's Catalogue of Companions and Air (Sif Muna gifted it to you on level 1 of the Spider Nest)
 50554 | Spider:1 | Received a gift from Sif Muna
 50647 | Spider:1 | Reached skill level 1 in Transmutations
 52809 | Spider:2 | Blown up by an orb spider

Skill      XL: |  1  2  3  4  5  6  7  8  9 10 11 12 13 14 15 16 |
---------------+-------------------------------------------------+-----
Dodging        | 2 4 9 12 13 | 13.0
Fighting       | 1 2 3 4 6 7 9 10 11 | 11.0
Conjurations   | 5 6 7 9 11 12 13 14 15 | 15.0
Spellcasting   | 3 4 5 6 9 10 11 | 11.4
Translocations | 3 5 7 8 11 | 11.0
Invocations    | 5 8 10 11 | 11.0
Earth Magic    | 4 10 13 | 13.3
Shields        | 2 4 |  4.2
Transmutations | 3 |  3.0
Stealth        | |  1.7

Action                   |  1- 3 |  4- 6 |  7- 9 | 10-12 | 13-15 | 16-18 || total
-------------------------+-------+-------+-------+-------+-------+-------++-------
Melee: Unarmed           |       |     5 |       |    11 |       |       ||    16
       Scimitar          |       |       |       |   146 |    50 |       ||   196
       Tailslap          |       |       |       |    30 |    34 |     5 ||    69
       Staff             |       |       |       |       |   176 |    21 ||   197
 Cast: Magic Dart        |    92 |   155 |   237 |   412 |     3 |       ||   899
       Searing Ray       |       |    15 |    39 |   124 |   282 |       ||   460
       Force Lance       |       |       |     3 |    46 |   736 |   290 ||  1075
       Irradiate         |       |       |       |       |    18 |     8 ||    26
       Iron Shot         |       |       |       |       |    37 |    29 ||    66
       Blink             |       |       |       |       |     3 |     2 ||     5
       Lee's Rapid Decon |       |       |       |       |       |     2 ||     2
       Petrify           |       |       |       |       |       |     2 ||     2
Invok: Divine Energy     |       |       |       |     2 |     3 |     1 ||     6
       Stop Divine Energ |       |       |       |     2 |     3 |     1 ||     6
       Forget Spell      |       |       |       |       |     2 |       ||     2
       Channel Magic     |       |       |       |       |     4 |       ||     4
 Abil: Evoke Blink       |       |       |       |       |     3 |     1 ||     4
  Use: Scroll            |       |       |     9 |     9 |    23 |     2 ||    43
       Potion            |       |       |     1 |       |     6 |       ||     7
  Eat: Chunk             |     3 |    10 |    18 |    41 |    93 |    21 ||   186
       Fruit             |       |     1 |       |     4 |    23 |     4 ||    32
Armor: Skin              |     2 |    20 |    47 |   191 |   258 |    55 ||   573
Dodge: Dodged            |    13 |    53 |    63 |   470 |  1102 |   261 ||  1962
Block: Buckler           |       |       |       |       |    13 |    75 ||    88
       Rpst.: Scimitar   |       |       |       |    99 |    28 |       ||   127
